 Dungeon Crawl Stone Soup version 0.29-a0-330-g52719c12eb (webtiles) character file.

Game seed: 717132973186680047

2 Aelig the Conjurer (level 1, -1/14 HPs)
             Began as a Demigod Conjurer on May 9, 2022.
             Slain by a gnoll
             ... wielding a +0 whip
              (7 damage)
             ... on level 1 of the Dungeon.
             The game lasted 00:00:48 (88 turns).

Aelig the Conjurer (Demigod Conjurer)                 Turns: 88, Time: 00:00:50

Health: -1/14      AC:  2    Str:  8    XL:     1   Next: 26%
Magic:  0/5        EV: 12    Int: 20    God:
Gold:   0          SH:  0    Dex: 12    Spells: 2/3 levels left

rFire   . . .      SeeInvis .   (no weapon)
rCold   . . .      Faith    .   (no shield)
rNeg    . . .      Spirit   .   a - +0 robe
rPois   .          Reflect  .   (no helmet)
rElec   .          Harm     .   (no cloak)
rCorr   .          Rampage  .   (no gloves)
Will    .....                   (no boots)
Stlth   ++........              (no amulet)
HPRegen 0.04/turn               (no ring)
MPRegen 0.09/turn               (no ring)

@: no status effects
A: high MP 1, forlorn, divine attributes
a: no special abilities


You were on level 1 of the Dungeon.
You visited 1 branch of the dungeon, and saw 1 of its levels.

Inventory:

Armour
 a - a +0 robe (worn)
Potions
 b - a potion of magic
 c - a potion of brilliance {unknown}


   Skills:
 - Level 1.7 Dodging
 - Level 1.7 Stealth
 + Level 1.9 Spellcasting
 + Level 3.6 Conjurations


You had 2 spell levels left.
You knew the following spells:

 Your Spells              Type           Power      Damage    Failure   Level
a - Magic Dart            Conj           64%        1d6       3%          1

Your spell library contained the following spells:

 Spells                   Type           Power      Damage    Failure   Level
 Searing Ray              Conj           32%        2d5       5%          2
 Dazzling Flash           Conj/Hex       18%        N/A       22%         3
 Fulminant Prism          Conj/Hex       4%         3d6       58%         4
 Iskenderun's Mystic Bla  Conj/Tloc      9%         2d4       58%         4


Dungeon Overview and Level Annotations

Branches:
Dungeon (1/15)


Innate Abilities, Weirdness & Mutations

You have an increased reservoir of magic. (+10% MP)
You shall have no god before yourself.
Your divine heritage dramatically boosts your attributes as you level up.


Message History

Aim: a gnoll, wielding a +0 whip (lightly wounded, 100% to hit)
You miscast Magic Dart.
You are very lightly contaminated with residual magic.
Nothing appears to happen.
Casting: Magic Dart (safe; 3% risk of failure)
Confirm with . or Enter, or press ? or * to list all spells.
Aiming: Magic Dart (safe; 3% risk of failure)
Press: ? - help, Shift-Dir - straight line, f/p - gnoll
Aim: a gnoll, wielding a +0 whip (100% to hit)
The magic dart hits the gnoll.
The gnoll is heavily wounded.
The gnoll misses you.
Casting: Magic Dart (safe; 3% risk of failure)
Confirm with . or Enter, or press ? or * to list all spells.
Aiming: Magic Dart (safe; 3% risk of failure)
Press: ? - help, Shift-Dir - straight line, f/p - gnoll
Aim: a gnoll, wielding a +0 whip (heavily wounded, 100% to hit)
The magic dart hits the gnoll.
The gnoll is severely wounded.
The gnoll hits you with a +0 whip.
You closely miss the gnoll.
The gnoll is severely wounded.
The gnoll completely misses you.
You barely miss the gnoll.
The gnoll is severely wounded.
The gnoll hits you with a +0 whip.
You closely miss the gnoll.
The gnoll is severely wounded.
The gnoll barely misses you.
Your magical contamination has completely faded away.
Casting: Magic Dart (safe; 3% risk of failure)
Confirm with . or Enter, or press ? or * to list all spells.
Aiming: Magic Dart (safe; 3% risk of failure)
Press: ? - help, Shift-Dir - straight line, f/p - gnoll
Aim: a gnoll, wielding a +0 whip (severely wounded, 100% to hit)
The magic dart hits the gnoll but does no damage.
The gnoll is severely wounded.
The gnoll hits you with a +0 whip!
Ouch! That really hurt!
You die...

#.#.##.#.. #######
###.#.##.#.. #..<..#
#........... #.###.#
#.#.#.####.. #.....#
#...K....... ###.###
#.#......... #'#
#...........
#######.######..######.##
........@gK..............
.########.####..#####..##
#.# #..# #.# #..# #+#
#..# #..# #..# #..#


You could see a gnoll and a kobold.

Vanquished Creatures
  An endoplasm (D:1)
  A frilled lizard (D:1)
  A rat (D:1)
3 creatures vanquished.

Notes
Turn   | Place    | Note
-------+----------+-------------------------------------------
     0 | D:1      | Aelig the Demigod Conjurer began the quest for the Orb.
     0 | D:1      | Reached XP level 1. HP: 14/14 MP: 5/5
    88 | D:1      | Slain by a gnoll

Illustrated notes

Levels and vault maps discovered:
D:1:      dpeg_arrival_renting, layout_basic, minmay_split_cup_large

Action                   || total
-------------------------++-------
Melee: Unarmed           ||     3
 Cast: Magic Dart        ||     9
Dodge: Dodged            ||     3

Table legend: (Time is in decaauts)
 A = Elapsed time spent in this place.
 B = Non-inter-level travel time spent in this place.
 C = Inter-level travel time spent in this place.
 D = Time resting spent in this place.
 E = Time spent auto-exploring this place.
 F = Levels seen in this place.
 G = Mean time per level.
                   A        B        C        D        E       F      G
               +--------+--------+--------+--------+--------+-----+--------+
         Total |     88 |     88 |      0 |     23 |     25 |   1 |   88.0 |
       Dungeon |     88 |     88 |      0 |     23 |     25 |   1 |   88.0 |
               +--------+--------+--------+--------+--------+-----+--------+

Top non-repeatable levels by time:
     D:1: 88 daAuts
